 Dungeon Crawl Stone Soup version 0.19.5 (webtiles) character file.

10381 JeffiDaFish the Blocker (level 11, -5/68 HPs)
             Began as a Gargoyle Fighter on Apr 5, 2017.
             Was a High Priest of Okawaru.
             Engulfed by a cloud of flame (20 damage)
             ... in a volcano.
             The game lasted 00:25:41 (9567 turns).

JeffiDaFish the Blocker (Gargoyle Fighter)          Turns: 9567, Time: 00:25:42

Health: -5/68      AC: 26    Str: 21    XL:     11   Next: 61%
Magic:  11/11      EV:  7    Int:  8    God:    Okawaru [*****.]
Gold:   444        SH: 16    Dex: 12    Spells: 0 memorised, 10 levels left

rFire  . . .     SeeInvis +     p - +7 whip (freeze)
rCold  . . .     Gourm    .     x - +0 plate armour
rNeg   + . .     Faith    .     c - +0 shield
rPois  ∞         Spirit   .     k - +0 helmet
rElec  +         Reflect  +     s - +0 cloak
rCorr  .         Harm     .     (no gloves)
MR     .....                    i - +1 pair of boots
Stlth  ..........               v - +4 amulet of reflection
                                d - ring of see invisible
                                e - +2 ring of slaying

@: no status effects
A: negative energy resistance 1, electricity resistance, unbreathing,
petrification resistance, rot immunity, AC +7
a: Heroism, Finesse, Renounce Religion


You were in a volcano.
You worshipped Okawaru.
Okawaru was extremely pleased with you.
You were not hungry.

You visited 3 branches of the dungeon, and saw 12 of its levels.
You also visited: Ossuary and Volcano.

You collected 526 gold pieces.
You spent 82 gold pieces at shops.

Inventory:

Hand Weapons
 p - a +7 whip of freezing (weapon)
Missiles
 A - 50 stones (quivered)
Armour
 c - a +0 shield (worn)
 i - a +1 pair of boots (worn)
 k - a +0 helmet (worn)
 s - a +0 cloak (worn)
 x - a +0 plate armour (worn)
Jewellery
 d - a ring of see invisible (right hand)
 e - a +2 ring of slaying (left hand)
 v - a +4 amulet of reflection (around neck)
Scrolls
 b - 4 scrolls of remove curse
 m - 8 scrolls of identify
 o - 4 scrolls of teleportation
 r - a scroll of blinking
 w - 2 scrolls of amnesia
 B - a scroll of fog
Potions
 a - 7 potions of curing
 g - 3 potions of flight
 j - 3 potions of haste
 n - 2 potions of resistance
Comestibles
 f - 6 bread rations
 h - 7 meat rations
 q - 4 beef jerkies
 t - 15 fruits


   Skills:
 + Level 8.1 Fighting
 + Level 10.6 Maces & Flails
 + Level 8.8 Armour
 + Level 2.6 Dodging
 + Level 0.8 Stealth
 + Level 11.4 Shields


You had 10 spell levels left.
You didn't know any spells.

Dungeon Overview and Level Annotations

Branches:
Dungeon (10/15)            Temple (1/1) D:6            Lair (1/6) D:8
    Orc: D:9-12

Altars:
Ashenzari
Cheibriados
Dithmenos
Elyvilon
Fedhas
Gozag
Kikubaaqudgha
Makhleb
Nemelex Xobeh
Okawaru
Qazlal
Ru
Sif Muna
Trog
Uskayaw
Vehumet
Xom
Yredelemnul
Zin
The Shining One

Shops:
D:6 ?[}


Innate Abilities, Weirdness & Mutations

You are resistant to torment.
Your stone body is resilient. (AC +7)
You are immune to poison.
You resist negative energy. (rN+)
You are resistant to electric shocks. (rElec)
You can survive without breathing.
You are immune to petrification.
You are immune to rotting.


Message History

The lava snake is heavily wounded.
You closely miss the lava snake.
The lava snake is heavily wounded.
You block the lava snake's attack.
You whack the lava snake! You freeze the lava snake.
You kill the lava snake!
Okawaru accepts your kill. Why would you want to do that?
Why would you want to do that?
HP restored.
You open the door.
There is an open door here.
You are engulfed in roaring flames.
You are engulfed in roaring flames.
You are engulfed in roaring flames.
You are engulfed in roaring flames.
You are engulfed in roaring flames.
* * * LOW HITPOINT WARNING * * *
You feel better.
You are engulfed in roaring flames.
You die...

####### ##....8#
#..##.#####
#.####§§§§# ###
#.#§§§§#### ..####
#.####§§§§# .....##
#.#§§§§#### ≈.....###
#.####§§§§#
§......8###.#§§§@####
≈≈≈.......'.####§§§§#
≈≈≈....8##### §§####
≈≈§≈...## ##§§
§≈§≈...### .##
≈≈≈§≈....## #
≈≈≈≈§≈....#
≈≈≈≈≈§≈...#
§§≈≈§≈≈...#


There were no monsters in sight!

Vanquished Creatures
  The ghost of holden the Basher, a journeyman MiBe of Trog (Lair:1)
  A hydra (Lair:1)
  The ghost of BurgNoob the Grappler, a novice DrMo of Ashenzari (D:9)
  Pikel (D:6)
  Maurice (D:9)
  A komodo dragon (Lair:1)
  A troll (D:9)
  A hornet (D:9)
  Grinder (D:6)
  The ghost of morik the Slasher, an amateur FoAK of Lugonu (D:3)
  4 yaks (Lair:1)
  Eustachio (D:5)
  6 fire bats (Volcano)
  2 hell hounds (D:8)
  A water moccasin (Lair:1)
  Duvessa (D:5)
  2 porcupines (Lair:1)
  6 ice beasts
  3 orc warriors (D:7)
  A sky beast (D:9)
  2 phantoms
  2 black bears
  A necrophage (D:9)
  2 ogres
  A centaur (D:8)
  2 big kobolds
  7 bullfrogs
  Dowan (D:5)
  2 water moccasin zombies
  A wyvern skeleton (D:9)
  2 scorpions
  5 howler monkeys
  2 crimson imps
  A bullfrog zombie (D:7)
  5 lava snakes (Volcano)
  2 bullfrog skeletons (D:5)
  4 hounds
  2 orc priests
  2 centaur skeletons
  2 iguanas
  7 worker ants
  11 orc wizards
  12 mummies (Ossuary)
  A worker ant zombie (D:5)
  3 gnolls (D:3)
  18 adders
  3 shadow imps
  2 oozes
  2 adder zombies (D:8)
  An adder skeleton (D:8)
  2 worms
  4 dart slugs
  7 leopard geckos
  26 orcs
  A ball python (D:2)
  A bat zombie (D:6)
  5 giant cockroaches
  9 goblins
  9 hobgoblins
  14 jackals
  4 quokkas
  6 bats
  4 frilled lizards
  A goblin skeleton (Ossuary)
  22 kobolds
  A kobold skeleton (Ossuary)
  5 orc skeletons (Ossuary)
  A quokka skeleton (D:4)
  6 rats
  11 rat skeletons (Ossuary)
  4 rat zombies (D:6)
288 creatures vanquished.

Vanquished Creatures (others)
  An orc skeleton (Ossuary)
1 creature vanquished.

Grand Total: 289 creatures vanquished

Notes
Turn   | Place    | Note
-------+----------+-------------------------------------------
     0 | D:1      | JeffiDaFish the Gargoyle Fighter began the quest for the Orb.
     0 | D:1      | Reached XP level 1. HP: 14/14 MP: 1/1
   124 | D:1      | Reached XP level 2. HP: 19/19 MP: 2/2
   559 | D:1      | Reached XP level 3. HP: 23/23 MP: 3/3
   889 | D:2      | Reached XP level 4. HP: 27/28 MP: 4/4
  1039 | D:2      | Reached skill level 4 in Shields
  1124 | D:2      | You fall through a shaft!
  1359 | D:3      | Reached XP level 5. HP: 5/32 MP: 5/5
  1853 | D:3      | Noticed morik's ghost (amateur FoAK)
  1857 | D:3      | Reached XP level 6. HP: 38/38 MP: 6/6
  1878 | D:3      | Killed morik's ghost
  1878 | D:3      | Reached skill level 1 in Dodging
  1878 | D:3      | Reached skill level 5 in Shields
  1884 | D:3      | Reached XP level 7. HP: 24/43 MP: 7/7
  2325 | D:4      | Found a white marble altar of Elyvilon.
  2391 | D:4      | Reached skill level 5 in Maces & Flails
  2754 | D:5      | Entered Level 5 of the Dungeon
  2783 | D:5      | Reached skill level 5 in Armour
  2808 | D:5      | Noticed Eustachio
  2844 | D:5      | Killed Eustachio
  3071 | D:5      | Found a shimmering altar of Xom.
  3148 | D:5      | Reached XP level 8. HP: 48/48 MP: 8/8
  3208 | D:5      | Noticed Duvessa
  3208 | D:5      | Noticed Dowan
  3223 | D:5      | Killed Duvessa
  3223 | D:5      | Reached skill level 6 in Shields
  3230 | D:5      | Killed Dowan
  3318 | D:5      | Found a hide-covered altar of Uskayaw.
  3698 | D:5      | Found a glowing golden altar of the Shining One.
  3863 | D:6      | Found a staircase to the Ecumenical Temple.
  3952 | Temple   | Entered the Ecumenical Temple
  3988 | Temple   | Became a worshipper of Warmaster Okawaru
  4020 | D:6      | Found a sand-covered staircase.
  4025 | Ossuary  | Entered an ossuary
  4290 | Ossuary  | Reached skill level 5 in Fighting
  4290 | Ossuary  | Reached skill level 7 in Shields
  4457 | D:6      | Found a shattered altar of Ashenzari.
  4501 | D:6      | Found Iddenny's Gadget Boutique.
  4539 | D:6      | Found Xoamuosk's Armour Shoppe.
  4544 | D:6      | Found Xites's Magic Scroll Shoppe.
  4677 | D:6      | Bought a scroll of enchant armour for 82 gold pieces
  4841 | D:6      | Found a shadowy altar of Dithmenos.
  5022 | D:6      | Noticed Grinder
  5025 | D:6      | Found an ancient bone altar of Kikubaaqudgha.
  5035 | D:6      | Killed Grinder
  5035 | D:6      | Reached * piety under Okawaru
  5035 | D:6      | Reached XP level 9. HP: 50/54 MP: 9/9
  5181 | D:6      | Noticed Pikel
  5197 | D:6      | Killed Pikel
  5376 | D:6      | Found a shadowy altar of Dithmenos.
  5485 | D:7      | Reached skill level 8 in Shields
  5641 | D:7      | Reached ** piety under Okawaru
  5760 | D:7      | Found a snail-covered altar of Cheibriados.
  5800 | D:7      | Found an opulent altar of Gozag.
  6058 | D:7      | Found a deep blue altar of Sif Muna.
  6204 | D:7      | Reached XP level 10. HP: 60/60 MP: 10/10
  6330 | D:8      | Found a sparkling altar of Nemelex Xobeh.
  6396 | D:8      | Found a staircase to the Lair.
  6420 | D:8      | Reached skill level 9 in Shields
  6520 | D:8      | Reached *** piety under Okawaru
  6572 | D:8      | Found a glowing silver altar of Zin.
  7980 | D:9      | Found a burning altar of Makhleb.
  8075 | D:9      | Noticed BurgNoob's ghost (novice DrMo)
  8101 | D:9      | Killed BurgNoob's ghost
  8101 | D:9      | Reached **** piety under Okawaru
  8101 | D:9      | Reached skill level 10 in Shields
  8111 | D:9      | Found a sacrificial altar of Ru.
  8351 | D:9      | Noticed Maurice
  8385 | D:9      | Killed Maurice
  8385 | D:9      | Reached skill level 10 in Maces & Flails
  8385 | D:9      | Reached XP level 11. HP: 65/67 MP: 11/11
  8603 | D:10     | Entered Level 10 of the Dungeon
  8671 | Lair:1   | Entered Level 1 of the Lair of Beasts
  8676 | Lair:1   | Reached ***** piety under Okawaru
  8744 | Lair:1   | Noticed holden's ghost (journeyman MiBe)
  8754 | Lair:1   | Received a gift from Okawaru
  8823 | Lair:1   | Killed holden's ghost
  9039 | Lair:1   | Reached skill level 11 in Shields
  9098 | Lair:1   | Noticed a four-headed hydra
  9106 | Lair:1   | Killed a four-headed hydra
  9152 | Lair:1   | Found a dark tunnel.
  9160 | Volcano  | Entered a volcano
  9285 | Volcano  | Received a gift from Okawaru
  9567 | Volcano  | Engulfed by a cloud of flame

Skill      XL: |  1  2  3  4  5  6  7  8  9 10 11 |
---------------+----------------------------------+-----
Armour         | 4 5 6 7 8 |  8.8
Maces & Flails | 3 4 5 7 8 10 | 10.6
Shields        | 4 5 7 8 10 11 | 11.4
Fighting       | 4 5 7 8 |  8.1
Dodging        | 1 2 |  2.6
Stealth        | |  0.8

Action                   |  1- 3 |  4- 6 |  7- 9 | 10-12 || total
-------------------------+-------+-------+-------+-------++-------
Melee: Flail             |   115 |   155 |    36 |       ||   306
       Whip              |       |       |   449 |   442 ||   891
  Use: Potion            |     4 |     3 |     5 |     4 ||    16
       Scroll            |     2 |     3 |    17 |     3 ||    25
  Eat: Chunk             |       |     4 |    14 |    11 ||    29
Armor: Scale mail        |    71 |     4 |       |       ||    75
       Chain mail        |       |   129 |   241 |       ||   370
       Plate armour      |       |       |     5 |   159 ||   164
Dodge: Dodged            |    39 |    54 |   103 |    58 ||   254
Block: Shield            |    54 |   116 |   281 |   272 ||   723
       Reflection        |       |       |       |     8 ||     8
